 Dungeon Crawl Stone Soup version 0.30.1-4-g462c640d31 (webtiles) character file.

Game seed: 14454800207623661924

88 Fortress the Insei (level 4, -7/48 HPs)
             Began as a Demonspawn Transmuter on Aug 11, 2023.
             Mangled by an iguana (11 damage)
             ... on level 4 of the Dungeon.
             The game lasted 00:08:23 (2605 turns).

Fortress the Insei (Demonspawn Transmuter)          Turns: 2605, Time: 00:08:23

Health: -7/48      AC:  6    Str: 10    XL:     4   Next: 29%
Magic:  8/8        EV:  8    Int: 17    God:
Gold:   96         SH:  0    Dex: 13    Spells: 7/8 levels left

rFire   . .          .
                       - Unarmed
rCold   . . .        (no shield)
rNeg    . . .        k - +0 scale mail {rPois}
rPois   +            (no helmet)
rElec   .            (no cloak)
rCorr   .            (no gloves)
SInv    .            (no boots)
Will    .....        a - amulet of the acrobat Stlth
                     (no ring)
HPRegen 0.28/turn    (no ring)
MPRegen 0.11/turn

%: acrobat
@: berserking, very quick
A: spiny 1, weakness stinger 1
a: no special abilities


You were on level 4 of the Dungeon.
You visited 1 branch of the dungeon, and saw 4 of its levels.

You collected 96 gold pieces.

Inventory:

Hand Weapons
 m - the +0 spear "Zatecym" {spect, *Rage rPois Int+5 Dex+3}
   (You found it on level 3 of the Dungeon)

   Int:       It affects your intelligence (+5).
   Dex:       It affects your dexterity (+3).
   rPois:     It protects you from poison.
   *Rage:     It berserks you when you make melee attacks (+20% chance).
Missiles
 e - 4 poisoned darts
Armour
 k - a +0 scale mail of poison resistance (worn)
Jewellery
 a - an amulet of the acrobat (around neck)
Scrolls
 i - a scroll of enchant armour {unknown}
 o - a scroll of identify
Potions
 b - a potion of lignification
 d - 2 potions of haste
 g - a potion of berserk rage
 h - 3 potions of curing
 j - 2 potions of attraction
 l - a potion of heal wounds {unknown}
 n - a potion of cancellation {unknown}


   Skills:
 + Level 1.3 Fighting
 - Level 2.0 Dodging
 + Level 3.7 Unarmed Combat
 + Level 2.7 Spellcasting
 + Level 2.3 Transmutations


You had 7 spell levels left.
You knew the following spells:

 Your Spells              Type           Power      Damage    Failure   Level
a - Beastly Appendage     Tmut           20%        N/A       45%         1

Your spell library contained the following spells:

 Spells                   Type           Power      Damage    Failure   Level
 Wereblood                Tmut           10%        N/A       61%         2
 Blink                    Tloc           4%         N/A       89%         2
 Lesser Beckoning         Tloc           4%         N/A       89%         2
 Momentum Strike          Conj/Tloc      4%         3d8       89%         2
 Spider Form              Tmut/Pois      6%         N/A       94%         3
 Ice Form                 Ice/Tmut       6%         N/A       100%        4


Dungeon Overview and Level Annotations

Branches:
Dungeon (4/15)
 Temple: D:4-7

Altars:
Cheibriados
Nemelex Xobeh
Qazlal

Annotations:
D:4 1 runed translucent door, turdburglar's ghost, amateur FoFi


Innate Abilities, Weirdness & Mutations

You are partially covered in sharp spines.
You have a small tail.


Message History

You hit the ufetubus.
The ufetubus is lightly wounded.
The ufetubus hits you. The ufetubus barely misses you.
The ufetubus hits you. x2
You hit the ufetubus.
Your tail-slap misses the ufetubus.
The ufetubus is heavily wounded.
The ufetubus hits you but does no damage. x2
You miss the ufetubus.
The ufetubus is heavily wounded.
The ufetubus misses you. The ufetubus hits you.
You hit the ufetubus.
The ufetubus is almost dead.
The ufetubus is struck by your spines.
You kill the ufetubus!
You hit the endoplasm. You punch the endoplasm.
The endoplasm is severely wounded.
The endoplasm freezes you.
You are frozen.
You completely miss the endoplasm.
The endoplasm is severely wounded.
The endoplasm is struck by your spines.
You kill the endoplasm!
The iguana closely misses you.
Your magical contamination has completely faded away.
You hit the iguana.
You tail-slap the iguana, but do no damage.
The iguana is moderately wounded.
The iguana is struck by your spines. The iguana bites you.
You hit the iguana.
The iguana is heavily wounded.
The iguana is struck by your spines. The iguana bites you.
You hit the iguana but do no damage.
The iguana is severely wounded.
The iguana bites you.
You hit the iguana but do no damage.
The iguana is severely wounded.
The iguana bites you!
* * * LOW HITPOINT WARNING * * *
A red film seems to cover your vision as you go berserk!
You feel yourself moving faster!
You feel mighty! The iguana bites you!
You die...

.###...... ..........
######
.........#######.^..##
.........##..........####
.........#...........##..
.........#...............
......$..#...#####..<....
......†.l#...#...........
...J.###@#...#...........
... #.#...#........... .
#.#...#..[..####..
#.#...#.....# #..
#...........# #..
#######....#####..
#............#
#............#
#............#


You could see an iguana.

Vanquished Creatures
  3 adders
  An ufetubus (D:4)
  2 worms
  A dart slug (D:3)
  An orc (D:3)
  2 ball pythons
  3 endoplasms
  2 giant cockroaches (D:3)
  4 goblins
  4 hobgoblins
  4 jackals (D:1)
  2 quokkas (D:1)
  4 bats
  3 frilled lizards (D:1)
  5 kobolds
  5 rats
46 creatures vanquished.

Notes
Turn   | Place    | Note
-------+----------+-------------------------------------------
     0 | D:1      | Fortress the Demonspawn Transmuter began the quest for the
                  | Orb.
     0 | D:1      | Reached XP level 1. HP: 15/15 MP: 3/3
   456 | D:1      | Gained mutation: You have a small tail. [demonic ancestry]
   456 | D:1      | Reached XP level 2. HP: 9/21 MP: 3/5
   459 | D:1      | Reached skill level 3 in Unarmed Combat
   902 | D:2      | Gained mutation: You are partially covered in sharp spines.
                  | [demonic ancestry]
   902 | D:2      | Reached XP level 3. HP: 9/26 MP: 4/6
  1925 | D:3      | Identified the +0 spear "Zatecym" {spect, *Rage rPois Int+5
                  | Dex+3}
  1938 | D:3      | Reached XP level 4. HP: 27/32 MP: 7/7
  2029 | D:3      | Found a sparkling altar of Nemelex Xobeh.
  2151 | D:3      | Found a snail-covered altar of Cheibriados.
  2244 | D:3      | Found a stormy altar of Qazlal.
  2554 | D:4      | Found a runed translucent door.
  2555 | D:4      | Noticed turdburglar's ghost (amateur FoFi)
  2605 | D:4      | Mangled by an iguana

Illustrated notes

Levels and vault maps discovered:
D:1:      doesnt_arrival_eight_statues, layout_loops_ring
D:2:      wad_lake_hut, layout_basic
D:3:      layout_basic, chei_slow_surprise, nicolae_qazlal_general_emergency,
          mainiacjoe_overflow_24_doors
D:4:      layout_basic, doesnt_xom_only_xom, mainiacjoe_overflow_cross_hatched,
          gammafunk_ghost_grave, uniq_pikel

Skill      XL: |  1  2 |
---------------+-------+-----
Dodging        | 2 |  2.0
Unarmed Combat | 3 |  3.7
Transmutations | 2 |  2.3
Fighting       | |  1.3
Spellcasting   | |  2.7

Action                     |  1- 3 |  4- 6 || total
---------------------------+-------+-------++-------
  Melee: Unarmed           |   119 |    31 ||   150
         Kick              |     9 |       ||     9
         Tailslap          |    10 |     3 ||    13
         Punch             |     2 |     1 ||     3
         Headbutt          |     2 |       ||     2
   Cast: Beastly Appendage |     9 |       ||     9
    Use: Scroll            |     7 |     2 ||     9
         Potion            |       |     1 ||     1
   Stab: Sleeping          |     1 |       ||     1
 Armour: Robe              |    17 |       ||    17
         Scale mail        |    10 |     5 ||    15
  Dodge: Dodged            |    78 |    13 ||    91
